 Dungeon Crawl Stone Soup version 0.27.0-1-g7a089689b8 (webtiles) character file.

Game seed: 7649362359488880383

84 Ozzies the Skirmisher (level 4, 0/42 HPs)
             Began as a Minotaur Fighter on Aug 8, 2021.
             Was a Follower of Uskayaw.
             Slain by Edmund (3 damage)
             ... on level 4 of the Dungeon.
             The game lasted 00:02:27 (1794 turns).

Ozzies the Skirmisher (Minotaur Fighter)            Turns: 1794, Time: 00:02:28

Health: 0/42       AC:  7    Str: 21    XL:     4   Next: 24%
Magic:  3/3        EV:  7    Int:  5    God:    Uskayaw [*.....]
Gold:   74         SH:  9    Dex: 10    Spells: 3/3 levels left

rFire    . . .     SeeInvis .   a - +0 trident
rCold    . . .     Faith    .   c - +0 kite shield
rNeg     . . .     Spirit   .   b - +0 scale mail
rPois    .         Reflect  .   (helmet restricted)
rElec    .         Harm     .   (no cloak)
rCorr    .         Rampage  .   (no gloves)
Will     .....                  (no boots)
Stlth    ..........             (no amulet)
HPRegen  0.14/turn              (no ring)
MPRegen  0.08/turn              (no ring)

@: no status effects
A: horns 2, retaliatory headbutt
a: Renounce Religion, Stomp


You were on level 4 of the Dungeon.
You worshipped Uskayaw.
Uskayaw was noncommittal.
You visited 1 branch of the dungeon, and saw 4 of its levels.

You collected 74 gold pieces.

Inventory:

Hand Weapons
 a - a +0 trident (weapon)
Armour
 b - a +0 scale mail (worn)
 c - a +0 kite shield (worn)
Wands
 i - a wand of digging (2)
Scrolls
 e - a scroll of enchant weapon {unknown}
 f - 2 scrolls of identify {unknown}
 g - 2 scrolls of enchant armour {unknown}
 h - a scroll of vulnerability {unknown}
Potions
 d - a potion of might {@q3 !q}


   Skills:
 * Level 5.4 Fighting
 - Level 3.0 Polearms
 - Level 4.0 Armour
 - Level 4.0 Shields


You had 3 spell levels left.
You didn't know any spells.
Your spell library was empty.

Dungeon Overview and Level Annotations

Branches:
Dungeon (4/15)
 Temple: D:4-7

Altars:
Uskayaw

Annotations:
D:4 Edmund


Innate Abilities, Weirdness & Mutations

You have a pair of horns on your head.
You reflexively headbutt those who attack you in melee.


Message History

You kill the adder!
You now have 74 gold pieces (gained 7).
A frilled lizard comes into view.
The frilled lizard hisses angrily.
A frilled lizard is nearby!
A frilled lizard is nearby!
A frilled lizard is nearby!
A frilled lizard is nearby!
You block the frilled lizard's attack. The frilled lizard closely misses you.
You furiously retaliate!
You headbutt the frilled lizard!
You kill the frilled lizard!
No target in view!
(D) Dungeon
Where to? (Enter - D:2, ? - help)
There is a dry fountain here.
There is a dry fountain here.
There is a stone staircase leading down here.
You climb downwards.
An endoplasm comes into view.
The endoplasm quivers.
Found a murky pink potion.
There is a stone staircase leading up here.
Unknown command.
The endoplasm closely misses you.
Found 24 stones.
Found a stone staircase leading up.
You see here 24 stones.
You block the endoplasm's attack. The endoplasm freezes you.
You are frozen.
There is a stone staircase leading up here.
Found 19 stones.
You block the endoplasm's attack.
A rat comes into view.
You see here 19 stones.
Found a purple potion.
Found 15 stones.
The rat bites you but does no damage.
Found 28 stones.
Found an escape hatch in the ceiling.
The rat bites you.
There is an escape hatch in the ceiling here.
You block the endoplasm's attack.
A kobold comes into view.
It is wielding a +0 dagger and quivering poisoned darts.
The kobold shouts!
The rat twitches its whiskers.
The kobold throws a poisoned dart.
The poisoned dart hits you!
You are poisoned.
You feel very sick.
You feel sick. The endoplasm closely misses you. You furiously retaliate!
You headbutt the endoplasm!
You kill the endoplasm!
You feel sick. The rat bites you but does no damage.
You puncture the kobold!
You kill the kobold!
You feel sick. The rat bites you but does no damage.
You feel sick.
You feel sick.
You feel sick.
You feel sick.
You are no longer poisoned.
Found a stone staircase leading down.
There is a stone staircase leading down here.
You block the rat's attack.
You climb downwards.
There is a stone staircase leading up here.
You block the rat's attack.
You open the door. The rat closely misses you.
There is an open door here.
Found a stone staircase leading down.
Found a triangular sapphire amulet.
An endoplasm comes into view.
The endoplasm quivers.
Edmund the Younger comes into view.
He is wielding a +3 flail of protection.
Edmund shouts!
Found a scroll labelled VUD DYUDOYPP.
You see here an amulet of magic regeneration.
The endoplasm freezes you.
You are frozen.
The endoplasm barely misses you. You furiously retaliate!
You headbutt the endoplasm!
You kill the endoplasm!
Edmund hits you with a +3 flail of protection!
You block Edmund's attack.
Edmund hits you with a +3 flail of protection.
Edmund hits you but does no damage.
Edmund hits you with a +3 flail of protection.
You block the rat's attack.
Edmund hits you with a +3 flail of protection!
* * * LOW HITPOINT WARNING * * *
You block Edmund's attack.
Edmund hits you with a +3 flail of protection!
* * * LOW HITPOINT WARNING * * *
The rat bites you but does no damage. Edmund barely misses you.
You block Edmund's attack.
The rat twitches its whiskers.
The rat bites you but does no damage. You block Edmund's attack.
You block the rat's attack.
Edmund hits you with a +3 flail of protection.
You die...

#... ..### #.# #...
....# #.# #... #.#?# ...
#...##.#.# #.#
#......#.# #.#
#.#.##.#.# ##.##
###......."#######...###
+......@r...............
####...@...######....###
##.##.### #.#.## ## #.#
#.### #.# #.# #.# #.#
#.# #># #.# #.# #.#


You could see Edmund and a rat.

Vanquished Creatures
  Terence (D:2)
  A gnoll (D:1)
  2 adders (D:2)
  6 ball pythons (D:1)
  2 bats (D:2)
  5 endoplasms
  A goblin (D:1)
  4 hobgoblins (D:1)
  3 frilled lizards (D:2)
  4 kobolds
  3 rats
32 creatures vanquished.

Notes
Turn   | Place    | Note
-------+----------+-------------------------------------------
     0 | D:1      | Ozzies the Minotaur Fighter began the quest for the Orb.
     0 | D:1      | Reached XP level 1. HP: 19/19 MP: 0/0
   375 | D:1      | Reached XP level 2. HP: 27/27 MP: 1/1
   382 | D:1      | Reached skill level 4 in Fighting
   679 | D:1      | Reached XP level 3. HP: 33/33 MP: 2/2
   991 | D:2      | Noticed Terence
  1018 | D:2      | Killed Terence
  1019 | D:2      | Reached skill level 5 in Fighting
  1317 | D:2      | Found a faded altar of an unknown god.
  1341 | D:2      | Became a worshipper of Uskayaw the Reveller
  1341 | D:2      | Reached * piety under Uskayaw
  1427 | D:2      | Reached XP level 4. HP: 16/42 MP: 3/3
  1780 | D:4      | Noticed Edmund
  1790 | D:4      | HP: 2/42 [Edmund (7)]
  1794 | D:4      | Slain by Edmund

Illustrated notes

Levels and vault maps discovered:
D:1:      dpeg_arrival_leaves_temple_mockup, layout_loops_cross,
          minmay_hedge_maze
D:2:      layout_basic, shapermc_ecumenical_altar_venn, minmay_misc_feat_tower,
          uniq_terence
D:3:      layout_loops_ring, nicolae_hepliaklqana_ecumenical_no_more,
          minmay_ogre_servants, uniq_ijyb
D:4:      layout_loops_corners, kennysheep_little_box,
          nicolae_elyvilon_temple_path, uniq_natasha, uniq_edmund

Skill      XL: |  1  2  3 |
---------------+----------+-----
Fighting       | 4 5 |  5.4
Armour         | 4 |  4.0
Shields        | 4 |  4.0
Polearms       | 3 |  3.0

Action                   |  1- 3 |  4- 6 || total
-------------------------+-------+-------++-------
Melee: Trident           |    67 |     1 ||    68
       Headbutt          |     6 |       ||     6
Armor: Scale mail        |    29 |    10 ||    39
Dodge: Dodged            |    23 |     8 ||    31
Block: Kite shield       |    30 |    15 ||    45
